 Dungeon Crawl Stone Soup version 0.30.0-5-g1a98f26d00 (webtiles) character file.

Game seed: 10769947777021889227

154 Jarnaxa the Chopper (level 5, 48/48 HPs)
             Began as a Hill Orc Monk on May 11, 2023.
             Was a Believer of Vehumet.
             Quit the game on level 3 of the Dungeon.
             The game lasted 00:04:41 (2924 turns).

Jarnaxa the Chopper (Hill Orc Monk)                 Turns: 2924, Time: 00:04:42

Health: 48/48      AC:  9    Str: 16    XL:     5   Next: 36%
Magic:  5/5        EV: 11    Int: 10    God:    Vehumet [**....]
Gold:   168        SH:  0    Dex: 13    Spells: 4/4 levels left

rFire   . . .        o - +0 war axe
rCold   + . .        d - orb {light}
rNeg    . . .        m - +0 ring mail
rPois   .            (no helmet)
rElec   .            (no cloak)
rCorr   .            (no gloves)
SInv    .            (no boots)
Will    .....        (no amulet)
Stlth   +            k - +4 ring of protection
HPRegen 0.28/turn    j - ring of protection from cold
MPRegen 0.09/turn

%: no passive effects
@: glowing
A: no striking features
a: Renounce Religion


You were on level 3 of the Dungeon.
You worshipped Vehumet.
Vehumet was pleased with you.
You visited 1 branch of the dungeon, and saw 3 of its levels.

You collected 168 gold pieces.

Inventory:

Hand Weapons
 o - a +0 war axe (weapon)
Armour
 d - an orb of light (worn)
 m - a +0 ring mail (worn)
Jewellery
 a - a ring of flight
 j - a ring of protection from cold (right hand)
 k - a +4 ring of protection (left hand)
Scrolls
 b - 2 scrolls of identify
 f - 6 scrolls of teleportation
 g - a scroll of immolation {unknown}
 i - a scroll of fog
 n - a scroll of amnesia {unknown}
Potions
 c - 2 potions of ambrosia
 e - a potion of flight {unknown}
 h - a potion of degeneration {unknown}
 l - a potion of haste


   Skills:
 + Level 5.0 Fighting
 + Level 5.7 Axes
 + Level 1.7 Armour
 + Level 2.9 Dodging
 + Level 0.2 Stealth


You had 4 spell levels left.
You didn't know any spells.
Your spell library contained the following spells:

 Spells                   Type           Power      Damage    Failure   Level
 Foxfire                  Conj/Fire      0%         2x1d4     56%         1
 Cigotuvi's Dreadful Rot  Necr/Pois/Air  0%         N/A       71%         2
 Dispel Undead            Necr           0%         3d6       100%        4
 Death Channel            Necr           0%         N/A       100%        6


Dungeon Overview and Level Annotations

Branches:
Dungeon (3/15)

Altars:
Fedhas
Nemelex Xobeh
Qazlal
Trog
Vehumet
Wu Jian


Message History

The adder is almost dead.
You feel sick. The adder bites you. The adder bites you but does no damage.
You barely miss the adder.
The adder is almost dead.
You feel sick.
You are no longer poisoned.
The adder bites you.
You are poisoned.
The adder poisons you!
You slash the adder!
You kill the adder!
You feel sick.
Found a faded altar of an unknown god.
You feel sick.
You see here an adder corpse.
You feel sick.
You start resting.
You feel sick. x3
You are no longer poisoned.
You start resting.
HP restored.
You start waiting.
Done waiting.
There is a faded altar of an unknown god here.
Unknown command.
Press < or > to pray at altars.
This altar belongs to (a) Vehumet, (b) Makhleb or (c) Jiyva, but you can't tell which.
Press the corresponding letter to learn more about a god, or press enter to convert or escape to cancel.
Okay, then.
There is a faded altar of an unknown god here.
Unknown command.
Press < or > to pray at altars.
This altar belongs to (a) the Shining One, (b) Fedhas or (c) Cheibriados, but you can't tell which.
Press the corresponding letter to learn more about a god, or press enter to convert or escape to cancel.
Okay, then.
There is a faded altar of an unknown god here.
Unknown command.
Press < or > to pray at altars.
This altar belongs to (a) Vehumet, (b) Makhleb or (c) Jiyva, but you can't tell which.
Press the corresponding letter to learn more about a god, or press enter to convert or escape to cancel.
Vehumet accepts your prayer! Vehumet welcomes you!
You can now gain magical power from killing.
Vehumet offers you knowledge of Foxfire.
Are you sure you want to abandon this character and quit the game? (Confirm with "yes".)

### #_# ##.##
##...## #..#..#
#.###.#
#.###†##
####.#@...##
#.'..#...._#
#.##.#_...##
#..#.###.##
##.#.# #.#
#.#.. ..#
##.##...##
######...##.#
.).....>.##_###


There were no monsters in sight!

Vanquished Creatures
  4 adders
  5 gnolls
  2 worms (D:3)
  A dart slug (D:2)
  4 orcs (D:3)
  6 endoplasms
  3 giant cockroaches
  4 goblins
  5 hobgoblins
  2 jackals (D:3)
  7 quokkas
  2 ball pythons
  6 bats
  A frilled lizard (D:1)
  2 kobolds
  3 rats
57 creatures vanquished.

Notes
Turn   | Place    | Note
-------+----------+-------------------------------------------
     0 | D:1      | Jarnaxa the Hill Orc Monk began the quest for the Orb.
     0 | D:1      | Reached XP level 1. HP: 19/19 MP: 1/1
   322 | D:1      | Reached XP level 2. HP: 22/27 MP: 2/2
   672 | D:1      | Reached XP level 3. HP: 30/33 MP: 3/3
  1320 | D:2      | Reached skill level 5 in Axes
  1517 | D:2      | Reached skill level 1 in Armour
  1517 | D:2      | Reached XP level 4. HP: 38/41 MP: 4/4
  2330 | D:3      | Found a sparkling altar of Nemelex Xobeh.
  2540 | D:3      | Reached XP level 5. HP: 44/47 MP: 5/5
  2580 | D:3      | Found a bloodstained altar of Trog.
  2689 | D:3      | Reached skill level 5 in Fighting
  2751 | D:3      | Found an ornate altar of the Wu Jian Council.
  2751 | D:3      | Found a blossoming altar of Fedhas.
  2760 | D:3      | Found a stormy altar of Qazlal.
  2762 | D:3      | Found a faded altar of an unknown god.
  2770 | D:3      | Found a faded altar of an unknown god.
  2923 | D:3      | Prayed at the altar of an unknown god.
  2923 | D:3      | Became a worshipper of Vehumet
  2923 | D:3      | Reached * piety under Vehumet
  2923 | D:3      | Offered knowledge of Foxfire by Vehumet.
  2923 | D:3      | Reached ** piety under Vehumet
  2924 | D:3      | Quit the game

Illustrated notes

Levels and vault maps discovered:
D:1:      spicycebolla_arrival_clurvy, layout_loops_corners,
          minmay_small_reverse_x
D:2:      layout_basic, st_stairs_2, chequers_big_river
D:3:      layout_basic, mainiacjoe_overflow_alcove_4, nemelex_dance_club_becter,
          mainiacjoe_overflow_boulevard, chequers_temple_overflow_minitemple,
          minmay_misc_feat_diagonals, minmay_misc_feat_doors

Skill      XL: |  1  2  3  4  5 |
---------------+----------------+-----
Fighting       | 4 5 |  5.0
Axes           | 5 |  5.7
Armour         | 1 |  1.7
Dodging        | |  2.9
Stealth        | |  0.2

Action                     |  1- 3 |  4- 6 || total
---------------------------+-------+-------++-------
  Melee: Hand axe          |    89 |    63 ||   152
         War axe           |       |    21 ||    21
    Use: Scroll            |       |     7 ||     7
         Potion            |       |     1 ||     1
 Armour: Robe              |    15 |       ||    15
         Ring mail         |    16 |    43 ||    59
  Dodge: Dodged            |    58 |    47 ||   105
